 Dungeon Crawl Stone Soup version 0.19.0-20-gbc5f0c6 (webtiles) character file.

636 JeffiDaFish the Cudgeler (level 7, -9/39 HPs)
             Began as a Gargoyle Fighter on Nov 17, 2016.
             Was an Initiate of Makhleb.
             Mangled by a hill giant
             ... wielding a +0 giant club
              (12 damage)
             ... on level 6 of the Dungeon.
             The game lasted 00:13:39 (5335 turns).

JeffiDaFish the Cudgeler (Gargoyle Fighter)         Turns: 5335, Time: 00:13:40

Health: -9/39      AC: 15    Str: 22    XL:     7   Next: 50%
Magic:  7/7        EV:  8    Int:  8    God:    Makhleb [......]
Gold:   267        SH: 11    Dex:  9    Spells: 0 memorised, 6 levels left

rFire  . . .     SeeInvis .     n - +0 morningstar
rCold  . . .     Gourm    .     p - +0 chain mail
rNeg   + . .     Faith    +     c - +1 shield
rPois  ∞         Spirit   .     (helmet restricted)
rElec  +         Reflect  .     t - +0 cloak
rCorr  +         Harm     .     (no gloves)
MR     .....                    (no boots)
Stlth  ..........               s - amulet of faith
                                r - ring of resist corrosion
                                h - +2 ring of evasion

@: no status effects
A: antennae 1, blink, frail 1, negative energy resistance 1, electricity
resistance, unbreathing, petrification resistance, rot immunity, AC +4
a: Blink, Renounce Religion


You were on level 6 of the Dungeon.
You worshipped Makhleb.
Makhleb was noncommittal.
You were not hungry.

You visited 2 branches of the dungeon, and saw 7 of its levels.

You collected 267 gold pieces.

Inventory:

Hand Weapons
 n - a +0 morningstar (weapon)
Armour
 c - a +1 shield (worn)
 l - a +0 helmet
 p - a +0 chain mail (worn)
 t - a +0 cloak (worn)
Jewellery
 h - a +2 ring of evasion (left hand)
 i - an uncursed ring of protection from cold
 r - a ring of resist corrosion (right hand)
 s - an amulet of faith (around neck)
Wands
 b - a wand of digging (10/24)
 u - a wand of lightning (5/15)
Scrolls
 e - a scroll of amnesia
 g - 2 scrolls of identify
 m - a scroll of remove curse
Potions
 d - 3 potions of might
 q - a potion of haste
Books
 a - a book of Battle

   Spells                             Type                      Level
   a - Infusion                       Charms                       1
   b - Shroud of Golubria             Charms/Translocation         2
   c - Song of Slaying                Charms                       2
   d - Spectral Weapon                Hexes/Charms                 3
   e - Regeneration                   Charms/Necromancy            3
 j - a book of Cantrips

   Spells                             Type                      Level
   a - Confusing Touch                Hexes                        1
   b - Animate Skeleton               Necromancy                   1
   c - Summon Small Mammal            Summoning                    1
   d - Apportation                    Translocation                1
Comestibles
 f - 3 bread rations
 k - 4 fruits
 o - a chunk of flesh


   Skills:
 + Level 4.3 Fighting
 + Level 5.1 Maces & Flails
 + Level 5.1 Armour
 + Level 1.7 Dodging
 + Level 0.2 Stealth
 + Level 5.1 Shields


You had 6 spell levels left.
You didn't know any spells.

Dungeon Overview and Level Annotations

Branches:
Dungeon (6/15)             Temple (1/1) D:4

Altars:
Ashenzari
Cheibriados
Dithmenos
Hepliaklqana
Makhleb
Nemelex Xobeh
Okawaru
Qazlal
Ru
Vehumet
Xom
Zin


Innate Abilities, Weirdness & Mutations

You are resistant to torment.
Your stone body is resilient. (AC +4)
You are immune to poison.
You resist negative energy. (rN+)
You are resistant to electric shocks. (rElec)
You can survive without breathing.
You are immune to petrification.
You are immune to rotting.
You have a pair of small antennae on your head.
You can translocate small distances at will.
You are frail. (-10% HP)


Message History

You puncture the hill giant!
The hill giant is moderately wounded.
The iguana bites you but does no damage.
You block the hill giant's attack.
You puncture the hill giant!
The hill giant is heavily wounded.
You block the iguana's attack. You block the hill giant's attack.
Your shield and chain mail prevent you from hitting the hill giant.
The hill giant is heavily wounded.
The iguana bites you.
* * * LOW HITPOINT WARNING * * *
You block the hill giant's attack. The iguana closely misses you.
You hit the hill giant but do no damage.
The hill giant is heavily wounded.
You block the iguana's attack. The hill giant barely misses you.
You puncture the hill giant!
The hill giant is severely wounded.
The iguana barely misses you.
The hill giant hits you with a giant club!
You die...

#.##+##....##.
#.....#.......
#.....#.......
#.....'.......
#....###...###
##....###...#
#............#
+............#
#..@........ +
##lC...##...
#'##### ... ..
.. #.. #.. #..
#..


You could see a hill giant and an iguana.

Vanquished Creatures
  A sky beast (D:5)
  A centaur (D:5)
  A scorpion (D:5)
  2 orc wizards (D:5)
  A centaur skeleton (D:5)
  2 iguanas (D:4)
  4 worker ants
  A killer bee zombie (D:5)
  6 adders
  An ooze (D:1)
  A worm (D:2)
  3 dart slugs
  4 leopard geckos
  13 orcs
  4 giant cockroaches
  11 goblins
  11 hobgoblins
  8 jackals
  2 quokkas
  3 ball pythons
  5 bats
  2 frilled lizards
  10 kobolds
  5 rats
102 creatures vanquished.

Notes
Turn   | Place    | Note
-------+----------+-------------------------------------------
     0 | D:1      | JeffiDaFish the Gargoyle Fighter began the quest for the Orb.
     0 | D:1      | Reached XP level 1. HP: 14/14 MP: 1/1
   114 | D:1      | Reached XP level 2. HP: 2/19 MP: 2/2
   877 | D:1      | Reached XP level 3. HP: 15/23 MP: 3/3
  1440 | D:2      | Reached XP level 4. HP: 19/28 MP: 4/4
  1466 | D:2      | Found a hazy altar of Hepliaklqana.
  1785 | D:2      | Found a shimmering altar of Xom.
  2693 | D:3      | Reached XP level 5. HP: 33/33 MP: 5/5
  3129 | D:4      | Found a staircase to the Ecumenical Temple.
  3147 | D:4      | Gained mutation: You can translocate small distances at will. [potion of mutation]
  3147 | D:4      | Gained mutation: You have a pair of small antennae on your head. [potion of mutation]
  3147 | D:4      | Gained mutation: You are frail. (-10% HP) [potion of mutation]
  3161 | Temple   | Entered the Ecumenical Temple
  3179 | Temple   | Became a worshipper of Makhleb the Destroyer
  3269 | D:4      | Reached skill level 1 in Dodging
  3453 | D:4      | Reached XP level 6. HP: 19/34 MP: 6/6
  3765 | D:5      | Entered Level 5 of the Dungeon
  3844 | D:5      | Found a shattered altar of Ashenzari.
  4544 | D:5      | Found a stormy altar of Qazlal.
  4564 | D:5      | Reached XP level 7. HP: 32/38 MP: 7/7
  4788 | D:5      | Reached skill level 5 in Maces & Flails
  4788 | D:5      | Reached skill level 5 in Armour
  4788 | D:5      | Reached skill level 5 in Shields
  5187 | D:5      | Found a sacrificial altar of Ru.
  5325 | D:6      | Noticed a hill giant
  5335 | D:6      | Mangled by a hill giant

Skill      XL: |  1  2  3  4  5  6  7 |
---------------+----------------------+-----
Shields        | 4 5 |  5.1
Maces & Flails | 3 4 5 |  5.1
Armour         | 4 5 |  5.1
Dodging        | 1 |  1.7
Fighting       | 4 |  4.3
Stealth        | |  0.2

Action                   |  1- 3 |  4- 6 |  7- 9 || total
-------------------------+-------+-------+-------++-------
Melee: Flail             |   169 |   215 |       ||   384
       Morningstar       |       |    93 |    76 ||   169
  Use: Scroll            |     2 |     6 |       ||     8
       Potion            |       |     3 |       ||     3
  Eat: Chunk             |     2 |    11 |     1 ||    14
       Beef jerky        |       |       |     1 ||     1
Armor: Scale mail        |   111 |    98 |       ||   209
       Chain mail        |       |   133 |    58 ||   191
Dodge: Dodged            |    73 |   153 |    19 ||   245
Block: Shield            |    97 |   204 |    30 ||   331
